 Dungeon Crawl Stone Soup version 0.30.1-3-gfc49f6343a (webtiles) character file.

Game seed: 710085717852784758

16 monsoonserge the Ducker (level 2, 23/24 HPs)
             Began as a Merfolk Monk on Aug 4, 2023.
             Was a Believer of Vehumet.
             Quit the game on level 1 of the Dungeon.
             The game lasted 00:01:09 (179 turns).

monsoonserge the Ducker (Merfolk Monk)               Turns: 179, Time: 00:01:09

Health: 23/24      AC:  2    Str: 11    XL:     2   Next: 54%
Magic:  2/2        EV: 14    Int:  9    God:    Vehumet [**....]
Gold:   12         SH:  0    Dex: 16    Spells: 0/1 levels left

rFire   . . .        a - +0 falchion
rCold   . . .        d - orb {light}
rNeg    . . .        b - +0 robe
rPois   .            (no helmet)
rElec   .            (no cloak)
rCorr   .            (no gloves)
SInv    .            (no boots)
Will    +....        (no amulet)
Stlth   +            e - ring of willpower
HPRegen 0.24/turn    (no ring)
MPRegen 0.08/turn

%: no passive effects
@: glowing
A: (nimble swimmer 2), mertail
a: Renounce Religion


You were on level 1 of the Dungeon.
You worshipped Vehumet.
Vehumet was pleased with you.
You visited 1 branch of the dungeon, and saw 1 of its levels.

You collected 12 gold pieces.

Inventory:

Hand Weapons
 a - a +0 falchion (weapon)
Armour
 b - a +0 robe (worn)
 d - an orb of light (worn)
Jewellery
 e - a ring of willpower (left hand)
Potions
 c - a potion of ambrosia


   Skills:
 + Level 3.6 Fighting
 + Level 4.0 Long Blades
 + Level 4.3 Dodging


You couldn't memorise any spells.
You knew the following spells:

 Your Spells              Type           Power      Damage    Failure   Level
a - Magic Dart            Conj           0%         1d3       38%         1

Your spell library contained the following spells:

 Spells                   Type           Power      Damage    Failure   Level


Dungeon Overview and Level Annotations

Branches:
Dungeon (1/15)

Altars:
Vehumet


Innate Abilities, Weirdness & Mutations

((You are very nimble when in or above water. (Stealth+, EV+, Speed+++)))
Your lower body shifts to a powerful aquatic tail in water.


Message History

The bat misses you.
You slash the kobold!
You kill the kobold!
The bat completely misses you. The bat barely misses you. The bat hits you.
You hit the bat.
The bat is heavily wounded.
The bat misses you. The bat hits you but does no damage. The bat misses you.
You hit the bat.
You kill the bat!
The bat barely misses you. The bat misses you.
The bat hits you but does no damage.
There is a faded altar of an unknown god here.
You see here a ball python corpse.
The bat hits you but does no damage.
You see here a +0 dagger.
You closely miss the bat. The bat hits you.
You hit the bat but do no damage. The bat misses you.
The bat closely misses you. The bat barely misses you.
You hit the bat.
The bat is moderately wounded.
The bat barely misses you.
You hit the bat.
You kill the bat!
No target in view!
There is a faded altar of an unknown god here.
You see here a ball python corpse.
This altar belongs to (a) Yredelemnul, (b) Zin or (c) Vehumet, but you can't tell which.
Press the corresponding letter to learn more about a god, or press enter to convert or escape to cancel.
Vehumet accepts your prayer! Vehumet welcomes you!
You can now gain magical power from killing.
Vehumet offers you knowledge of Magic Dart.
Memorise Magic Dart, consuming 1 spell level and leaving 0?
Vehumet grants you knowledge of Magic Dart.
You start memorising the spell.
You continue memorising.
You finish memorising.
You add the spell Magic Dart to your library.
Spell assigned to 'a'.
Are you sure you want to abandon this character and quit the game? (Confirm with "yes".)

$............#.......
########.)#.###...###
##.#.##....#
#####...#..##.### ##
##.......†.#...)..
....####..#.##.####.####.
........†........##.#
....###.#.#..........
....#..)@†#.###.####.
........###.# ..# #.
.$..........# #.# .
..........###
.....##.#..# ####.
#.##... .. #.# ##.# #.
#.. ... ##. ..


There were no monsters in sight!

Vanquished Creatures
  A ball python (D:1)
  3 bats (D:1)
  2 goblins (D:1)
  4 jackals (D:1)
  A quokka (D:1)
  A kobold (D:1)
  A rat (D:1)
13 creatures vanquished.

Notes
Turn   | Place    | Note
-------+----------+-------------------------------------------
     0 | D:1      | monsoonserge the Merfolk Monk began the quest for the Orb.
     0 | D:1      | Reached XP level 1. HP: 18/18 MP: 1/1
     2 | D:1      | Noticed an armataur
     2 | D:1      | Noticed a vine stalker
     4 | D:1      | Noticed a tengu
     6 | D:1      | Noticed a merfolk
     6 | D:1      | Noticed an octopode
     8 | D:1      | Noticed a demonspawn
     8 | D:1      | Noticed a human
    10 | D:1      | Noticed a spriggan
    10 | D:1      | Noticed a gargoyle
    12 | D:1      | Noticed an elf
    12 | D:1      | Noticed a felid
    14 | D:1      | Noticed a naga
    14 | D:1      | Noticed a draconian
    16 | D:1      | Noticed a formicid
    16 | D:1      | Noticed a vampire
    20 | D:1      | Noticed a minotaur
    20 | D:1      | Noticed a meteoran
    22 | D:1      | Noticed a ghoul
    22 | D:1      | Noticed an ogre
    24 | D:1      | Noticed a demigod
    26 | D:1      | Noticed a gargoyle
    26 | D:1      | Noticed a tengu
    48 | D:1      | Reached XP level 2. HP: 8/24 MP: 2/2
   140 | D:1      | Found a faded altar of an unknown god.
   176 | D:1      | Prayed at the altar of an unknown god.
   176 | D:1      | Became a worshipper of Vehumet
   176 | D:1      | Reached * piety under Vehumet
   176 | D:1      | Offered knowledge of Magic Dart by Vehumet.
   176 | D:1      | Reached ** piety under Vehumet
   179 | D:1      | Learned a level 1 spell: Magic Dart
   179 | D:1      | Quit the game

Illustrated notes

Levels and vault maps discovered:
D:1:      kb_arrival_jail, layout_rooms, basic_ecumenical_altar, st_stairs_14

Skill      XL: |  1  2 |
---------------+-------+-----
Long Blades    | 4 |  4.0
Fighting       | |  3.6
Dodging        | |  4.3

Action                     || total
---------------------------++-------
  Melee: Falchion          ||    36
 Armour: Robe              ||    13
  Dodge: Dodged            ||    35
